Map: 과거의 사원

Players

펜타네스트

  • Race: Zerg Zerg

알타니

  • Race: Terran Terran
  • Spawn Location: 0:00

VOD

Have the link to the VOD?

Description

Time

  • Played on: March 2, 2018, 11:21 a.m.
  • Length: 26:36
Show
View Real Time Build Order
Export as new Build Order

펜타네스트 Zerg 

Build Orders:  

Get SALT Encoding   

  18  0:03  Primal Drone  
  19  0:11  Primal Drone  
  19  0:18  Primal Drone  
  21  0:25  Primal Drone  
  22  0:33  Primal Drone  
  22  0:39  Extractor  
  23  1:01  Primal Warden  
  23  1:08  Extractor  
  24  1:13  Primal Drone  
  24  1:18  Primal Drone  
  26  1:26  Primal Drone  
  27  1:40  Primal Drone  
  28  1:54  Primal Drone  
  29  2:02  Glevig's Den  
  29  2:04  Primal Zergling  
  29  2:13  Primal Drone  
  30  2:56  Primal Hive  
  30  2:59  Primal Drone  
  36  3:04  Primal Drone  
  37  3:18  Primal Drone x2  
  39  3:37  Murvar's Den  
  38  3:54  Primal Drone x2  
  40  4:13  Primal Drone  
  41  4:28  Primal Drone  
  42  4:34  Primal Drone  
  43  4:44  Primal Hive  
  43  4:46  Primal Drone, Extractor  
  43  4:47  Primal Drone x2  
  46  4:56  Primal Drone  
  46  4:57  Primal Drone  
  48  5:08  Primal Drone x2  
  51  5:11  Primal Warden  
  51  5:24  Extractor  
  51  5:25  Primal Drone  
  51  5:26  Primal Drone  
  53  5:44  Primal Drone  
  53  5:46  Primal Reconstitution  
  53  5:48  Dakrun's Den  
  53  5:50  Primal Drone, Primal Warden  
  54  6:20  Primal Drone x3  
  54  6:21  Primal Drone  
  59  6:30  Primal Warden  
  59  6:31  Primal Drone  
  59  6:32  Primal Drone  
  61  6:45  Primal Drone x2  
  63  6:58  Primal Hydralisk x3  
  69  7:04  Primal Drone x2  
  71  7:12  Primal Hydralisk  
  71  7:16  Slicing Glave  
  71  7:18  Primal Hydralisk x2  
  77  7:31  Primal Mutalisk  
  77  7:38  Primal Hydralisk  
  77  7:39  Primal Hydralisk x2  
  82  7:43  Primal Hydralisk  
  82  7:44  Primal Mutalisk  
  82  7:47  Primal Mutalisk  
  82  7:53  Primal Drone x2  
  82  7:56  Primal Hydralisk x2  
  88  8:13  Primal Hydralisk x3  
  88  8:15  Shifting Carapace  
  94  8:21  Primal Hydralisk x2  
  94  8:29  Primal Mutalisk  
  97  8:30  Primal Mutalisk  
  97  8:39  Primal Hydralisk x3  
  102  8:53  Primal Mutalisk  
  102  8:54  Primal Mutalisk x2  
  102  8:55  Primal Hydralisk x2  
  102  8:56  Primal Hydralisk x2  
  107  9:07  Primal Mutalisk  
  106  9:13  Primal Mutalisk  
  105  9:37  Primal Hydralisk x3  
  105  9:38  Primal Hydralisk x5  
  105  9:39  Primal Mutalisk  
  120  9:43  Primal Mutalisk  
  120  10:01  Primal Wurm, Primal Hydralisk  
  120  10:02  Primal Hydralisk  
  124  10:15  Primal Hydralisk x3  
  124  10:16  Primal Mutalisk  
  129  10:30  Primal Hydralisk x2  
  129  10:33  Primal Mutalisk  
  132  11:07  Primal Mutalisk x3  
  132  11:08  Primal Mutalisk x2  
  127  11:27  Primal Wurm  
  127  11:29  Primal Wurm  
  130  11:30  Primal Wurm  
  129  11:49  Primal Hydralisk  
  131  12:11  Primal Hydralisk  
  131  12:12  Primal Hydralisk x2  
  131  12:16  Primal Hydralisk  
  139  12:20  Primal Mutalisk  
  138  12:49  Primal Hydralisk  
  140  12:50  Primal Hydralisk x12  
  140  12:58  Primal Mutalisk  
  140  12:59  Primal Mutalisk  
  164  13:11  Primal Wurm x2  
  164  13:21  Primal Hydralisk x2  
  164  13:22  Primal Mutalisk x3  
  165  13:31  Primal Hydralisk  
  165  13:32  Primal Mutalisk  
  166  13:41  Primal Mutalisk x2  
  164  14:07  Primal Mutalisk x2  
  162  14:32  Primal Hydralisk  
  164  14:43  Primal Hydralisk x4  
  164  14:44  Primal Hydralisk x4  
  180  14:50  Primal Drone x2  
  180  14:51  Primal Drone x5  
  188  15:11  Primal Mutalisk  
  188  15:12  Primal Mutalisk x2  
  188  15:13  Primal Mutalisk  
  188  15:15  Primal Wurm  
  188  15:16  Primal Wurm  
  188  15:19  Primal Wurm  
  186  15:27  Primal Attacks Level 1  
  186  15:54  Primal Hydralisk x3  
  192  16:05  Primal Wurm  
  192  16:07  Primal Wurm x2  
  195  16:25  Primal Mutalisk x2  
  195  16:27  Primal Carapace Level 1  
  195  16:29  Primal Hydralisk x3  
  199  17:03  Primal Mutalisk  
  198  17:47  Primal Wurm  
  198  17:49  Primal Wurm  
  200  18:48  Primal Attacks Level 2  
  200  20:46  Primal Carapace Level 2  
  200  21:31  Primal Wurm  
  200  21:32  Primal Wurm  
  196  23:32  Primal Hydralisk x2  
  195  24:38  Primal Mutalisk  
  195  24:39  Primal Wurm x2  
  196  24:41  Primal Wurm  
  196  24:42  Primal Wurm  
Show
View Real Time Build Order
Export as new Build Order

알타니 Terran 

Build Orders:  

Get SALT Encoding   

Tags
 
Add a new tag
Caveats
  • Supply blocks, unpowered buildings, or Contaminate may cause inaccurate times.
  • Supply counts are checked every 10 seconds.